 Dungeon Crawl Stone Soup version 0.17-a0-1-g1f4be75 (console) character file.

203125 MarvinPA the Fighter (level 18, -14/146 (147) HPs)
             Began as a Mummy Necromancer on Mar 8, 2015.
             Was an Initiate of Gozag.
             Demolished by a greater naga
             ... wielding a +0 halberd
              (26 damage)
             ... while paralysed by the power of Zot
             ... on level 5 of the Snake Pit on Mar 12, 2015.
             The game lasted 03:20:40 (65796 turns).

MarvinPA the Fighter (Mummy Necromancer)           Turns: 65796, Time: 03:20:40

HP:   -14/146 (147) AC: 14    Str: 12    XL:     18   Next: 35%
MP:   34/35         EV:  2    Int: 26    God:    Gozag
Gold: 1931          SH:  0    Dex: 13    Spells: 9 memorised, 7 levels left

rFire  . . .     SeeInvis +     a - +6 lajatang (freeze)
rCold  + + .     Clarity  +     o - +2 robe {rC+ rF+}
rNeg   + + +     SustAb   .     (no shield)
rPois  ∞         Gourm    .     C - +2 hat {MR+}
rElec  .         Spirit   .     z - +2 cloak
rCorr  .         Warding  .     T - +2 pair of gloves
rMut   .         Stasis   .     F - +0 pair of boots {Fly}
MR     +++..                    n - amulet of clarity
Stlth  ++........               G - ring of the Octopus King {AC+1 EV+1 Str+1 Int+1 Dex+1 SInv}
                                f - +5 ring of intelligence

@: paralysed, flying, constricted, extremely resistant to hostile enchantments,
unstealthy
A: no food or potions, fire vulnerability, in touch with death, restore body,
cold resistance 1, negative energy resistance 3, poison resistance, torment
resistance, unbreathing
a: Self-Restoration, Potion Petition, Call Merchant, Bribe Branch, Renounce
Religion, Stop Flying


You were on level 5 of the Snake Pit.
You worshipped Gozag.
Gozag was noncommittal.
You were not hungry.

You visited 6 branches of the dungeon, and saw 35 of its levels.
You also visited: Labyrinth, Ossuary and Ice Cave.

You collected 13372 gold pieces.
You spent 3665 gold pieces at shops.
You paid 7776 gold pieces to Gozag.


Innate Abilities, Weirdness & Mutations

You do not eat or drink.
Your flesh is vulnerable to fire.
You are in touch with the powers of death.
You can restore your body by infusing magical energy.
Your flesh is cold resistant.
You are immune to negative energy.
Your system is resistant to poisons.
You are immune to unholy pain and torment.
You can survive without breathing.


   Skills:
 + Level 14.3 Fighting
   Level 1.1(9.3) Maces & Flails
 - Level 13.9(14.0) Staves
 + Level 12.9 Dodging
 - Level 1.5 Stealth
 - Level 10.1 Spellcasting
 - Level 8.9 Charms
 - Level 12.0 Necromancy
 - Level 3.0 Translocations
 - Level 9.0 Evocations


You had 7 spell levels left.
You knew the following spells:

 Your Spells              Type           Power        Failure   Level  Hunger
b - Blink                 Tloc           N/A          1%          2    N/A
c - Agony                 Necr           #######.     1%          5    N/A
d - Repel Missiles        Chrm/Air       #####.       1%          2    N/A
e - Apportation           Tloc           ####......   1%          1    N/A
h - Haste                 Chrm           ######..     17%         6    N/A
q - Dispel Undead         Necr           #######.     1%          5    N/A
x - Vampiric Draining     Necr           #######...   1%          3    N/A
z - Pain                  Necr           ####         1%          1    N/A
C - Excruciating Wounds   Chrm/Necr      #######...   1%          5    N/A

Inventory:

Hand weapons
 a - a +6 lajatang of freezing (weapon)
 c - a +0 blowgun
Missiles
 m - 6 curare-tipped needles {=f}
Armour
 o - a +2 robe of resistance (worn)
 z - a +2 cloak (worn)
 C - a +2 hat of magic resistance (worn)
 F - a +0 pair of boots of flying (worn)
 T - a +2 pair of gloves (worn)
Magical staves
 b - a staff of death
 w - a staff of wizardry {!a}
Jewellery
 f - a +5 ring of intelligence (left hand)
 g - a ring of protection from fire
 i - a ring of teleportation
 n - an amulet of clarity (around neck)
 p - a ring of teleport control
 s - an amulet of stasis
 u - a ring of protection from magic
 A - a ring of invisibility
 G - a ring of the Octopus King (right hand) {AC+1 EV+1 Str+1 Int+1 Dex+1 SInv}
   (You took it off a deep elf mage on level 11 of the Dungeon)

   [ring of see invisible]

   It affects your AC (+1).
   It affects your evasion (+1).
   It affects your strength (+1).
   It affects your intelligence (+1).
   It affects your dexterity (+1).
   It enhances your eyesight.
Magical devices
 l - a wand of lightning (9)
 B - a wand of draining (4)
 N - a wand of draining (5)
 O - a wand of cold (6)
 P - a wand of draining (9)
 Q - a wand of digging (6)
 S - a wand of disintegration (12)
Scrolls
 d - 8 scrolls of fog
 j - 8 scrolls of magic mapping
 k - 2 scrolls of torment
 q - 12 scrolls of identify {@r1}
 r - 2 scrolls of immolation {!r}
 y - 12 scrolls of remove curse
 D - a scroll of blinking
 J - a scroll of silence {!r}
Miscellaneous
 t - a fan of gales
 I - a lamp of fire
 K - a phial of floods

Dungeon Overview and Level Annotations

Branches:
Dungeon (13/15)            Temple (1/1) D:7            Lair (8/8) D:10
  Swamp (4/5) Lair:4        Snake (5/5) Lair:4        Slime (0/6) Lair:6
    Orc (4/4) D:9             Elf (0/3) Orc:3        Vaults (0/5) D:13

Altars:
Ashenzari
Cheibriados
Dithmenos
Elyvilon
Fedhas
Gozag
Kikubaaqudgha
Makhleb
Nemelex Xobeh
Okawaru
Qazlal
Ru
Sif Muna
Trog
Vehumet
Xom
Yredelemnul
Zin
The Shining One
Beogh
Jiyva

Shops:
D:9 :   D:11 :   D:12 [   D:13 =   D:15 :   Orc:4 }*%[?   Snake:3 [****
Vaults:1 [

Annotations:
Lair:6 1 runed door, exclusion: oklob plant
Swamp:1 exclusion: Roxanne, Roxanne
Swamp:2 exclusion: upstairs
Snake:5 Asterion φ ^... N.H

# S.. ... .N. .... ##N## .
.S...##S..##...
N..SN..NNN....... #NMS..#
###S### #S# ### ###N###
##.#######.NN..####
######(..)##.....N.....##.
#....(..(#.....(.........#.
#..(...(#(..(.............#
......).#......⌠...⌠......#


You could see Asterion, 4 greater nagas, 2 naga sharpshooters, 7 guardian
serpents, 5 naga magi and a naga (wandering).


Message History

The naga sharpshooter magically shoots a bolt.
The bolt hits you!! The guardian serpent hits you.
The guardian serpent moves out of view.
The greater naga hits you but does no damage.
The greater naga hits you with a halberd!!
* * * LOW HITPOINT WARNING * * *
The naga mage hits you with a trident.
* * * LOW HITPOINT WARNING * * *
The naga mage constricts you.
The naga sharpshooter unwields a flail.
The naga sharpshooter wields a longbow.
The naga sharpshooter shoots an arrow.
The arrow hits you!
* * * LOW HITPOINT WARNING * * *
The naga mage mumbles some strange words.
The naga mage seems to speed up.
The guardian serpent hits you!!
* * * LOW HITPOINT WARNING * * *
You hear a shout!
A naga comes into view. It is wielding a scimitar.
The guardian serpent shouts!
The guardian serpent hits you but does no damage.
The naga mage moves out of view.
The greater naga spits poison at you. The splash of poison hits you!
You resist.
The guardian serpent coils itself and waves its upper body at you.
Helpless, you fail to dodge the bolt of poison.
You resist.
* * * LOW HITPOINT WARNING * * *
The bolt of poison hits the naga mage.
The greater naga hits you with a halberd!!
You die...
Your body crumbles into a pile of gold.

Action                   |  1- 3 |  4- 6 |  7- 9 | 10-12 | 13-15 | 16-18 || total
-------------------------+-------+-------+-------+-------+-------+-------++-------
Melee: Unarmed           |     6 |       |       |       |       |       ||     6
       Dagger            |     8 |    58 |       |       |       |       ||    66
       Quarterstaff      |       |    75 |    82 |    27 |       |       ||   184
       Whip              |       |       |   126 |   140 |       |       ||   266
       Lajatang          |       |       |       |   541 |  1966 |  1308 ||  3815
       Staff             |       |       |       |       |       |     9 ||     9
 Fire: Blowgun           |       |       |    16 |     4 |       |       ||    20
 Cast: Pain              |    63 |   113 |   127 |   392 |   282 |    11 ||   988
       Vampiric Draining |       |    11 |    44 |   216 |   341 |   305 ||   917
       Control Undead    |       |     3 |     2 |     7 |    12 |       ||    24
       Agony             |       |       |       |       |   137 |   132 ||   269
       Blink             |       |       |       |       |    22 |    15 ||    37
       Repel Missiles    |       |       |       |       |     7 |     8 ||    15
       Excruciating Woun |       |       |       |       |    44 |    36 ||    80
       Dispel Undead     |       |       |       |       |     5 |    59 ||    64
       Haste             |       |       |       |       |       |    10 ||    10
Invok: Potion Petition   |       |       |       |     1 |     2 |     3 ||     6
       Call Merchant     |       |       |       |       |     5 |       ||     5
 Abil: Evoke Flight      |       |       |       |       |       |     3 ||     3
       Evoke Teleportati |       |       |       |       |       |     1 ||     1
Evoke: Wand              |       |     3 |     6 |     4 |     9 |    10 ||    32
       Fan of gales      |       |       |       |       |     2 |     2 ||     4
       Lamp of fire      |       |       |       |       |       |     3 ||     3
       Phial of floods   |       |       |       |       |       |     2 ||     2
  Use: Scroll            |       |    10 |     5 |     9 |    24 |     9 ||    57
 Stab: Petrifying        |       |     2 |     1 |       |       |       ||     3
       Sleeping          |       |     2 |     1 |     1 |     7 |     1 ||    12
       Petrified         |       |     1 |       |       |     1 |       ||     2
       Paralysed         |       |       |     4 |       |       |       ||     4
       Distracted        |       |       |       |     3 |     5 |     2 ||    10
       Confused          |       |       |       |       |     1 |     4 ||     5
       Invisible         |       |       |       |       |       |     3 ||     3

Vault maps used:
D:1:      matt_arrival_diagonals
D:2:      kiku_gazebo_pond_becter, nemelex_deck, first_bread,
          nicolae_qazlal_style_of_elements
D:4:      vehumet_altar_wand_db, roderic_roman_lattice, uniq_crazy_yiuf_cottage
D:5:      enter_ossuary_4
D:7:      kennysheep_mini_moat, minmay_temple_entry_trees
D:8:      grunt_temple_overflow_order_and_chaos_1, minitemple, uniq_gastronok,
          uniq_pikel
D:9:      bloody_trog, okawaru_ov_weapons_minmay, hiddenorc2_lemuel, serial_ice,
          serial_ice_e, serial_ice_i, serial_ice_a, serial_ice_n, serial_ice_d,
          serial_ice_f, serial_ice_b, serial_ice_o, serial_ice_c, serial_ice_g,
          serial_shops, nicolae_shop_stone
D:10:     kennysheep_town
D:11:     minmay_ornate_pinched, uniq_nergalle, uniq_erolcha
D:12:     minmay_curly_fans, hangedman_little_slice_of_home,
          kennysheep_four_rooms
D:13:     david_vaults_4, uniq_nessos
Temple:   minmay_temple_bridge_a_8
Lair:1:   serial_bayou_shore_a, uniq_joseph, uniq_fannar
Lair:2:   wad_woods_minihive, grunt_forest_stairs_clearing
Lair:3:   beast_lair_carwin_6
Lair:4:   swamp_mist_pool, minmay_snake_entry_six_corridors,
          columned_hall_lemuel, grunt_forest_large_clearings
Lair:5:   lab_entry_generic
Lair:6:   slime_altar_2, infiniplex_staircase_pool_2
Lair:7:   bh_autumn_forest_stairs, grunt_megastairs_4, uniq_snorg, uniq_erica
Lair:8:   grunt_lair_end_beastmaster
Swamp:1:  evilmike_swamp_ruin_house_5, uniq_roxanne
Swamp:2:  evilmike_swamp_ruin_house_1
Swamp:3:  evilmike_swamp_ruin_house_3, uniq_kirke
Swamp:4:  evilmike_swamp_ruin_house_2, uniq_aizul, uniq_agnes, uniq_jorgrun,
          uniq_nikola
Snake:2:  special_room, spider_trap, st_stairs_14, uniq_vashnia
Snake:3:  serial_shops, nicolae_shop_window_shopping, shop,
          nicolae_shop_waterfront, shop, shop, serial_corexii_hall,
          corexii_hall_statues_i, corexii_hall_statues_deadend,
          corexii_hall_statues_i, corexii_hall_statues_i,
          nicolae_snake_linked_coils, uniq_louise, uniq_donald
Snake:4:  portal_ice_cave_entry_ice_beasts
Snake:5:  snake_hunt, basic_altar, st_stairs_10, grunt_ministairs_6,
          uniq_asterion
Orc:1:    nicolae_orc_rockfall
Orc:2:    trap_god_beogh, david_defended_altar_orc, uniq_urug
Orc:3:    nicolae_orc_pool_cavern
Orc:4:    st_orc_pillars, serial_shops, nicolae_shop_statue_plus,
          nicolae_orc_stony_grotto, uniq_psyche
Lab:      labyrinth_hidden_loot, labyrinth_skeletal_remains, nicolae_lab_blocks
Ossuary:  ossuary_tomb_2
IceCv:    ice_cave_caverns_01

Notes
Turn   | Place    | Note
--------------------------------------------------------------
     0 | D:1      | MarvinPA, the Mummy Necromancer, began the quest for the Orb.
     0 | D:1      | Reached XP level 1. HP: 13/13 MP: 3/3
   306 | D:1      | Reached XP level 2. HP: 19/19 MP: 3/5
   904 | D:2      | Found a sparkling altar of Nemelex Xobeh.
   970 | D:2      | Reached XP level 3. HP: 24/24 MP: 3/6
  1004 | D:2      | Learned a level 3 spell: Vampiric Draining
  1077 | D:2      | Found an ancient bone altar of Kikubaaqudgha.
  1223 | D:2      | Reached skill level 3 in Spellcasting
  1427 | D:2      | Found a stormy altar of Qazlal.
  1430 | D:2      | Noticed an earth elemental
  1430 | D:2      | Noticed a water elemental
  1431 | D:2      | Noticed an air elemental
  1431 | D:2      | Noticed a fire elemental
  1675 | D:3      | Reached XP level 4. HP: 17/30 MP: 2/9
  1931 | D:3      | Reached skill level 5 in Necromancy
  2585 | D:3      | Learned a level 4 spell: Control Undead
  3008 | D:4      | Reached XP level 5. HP: 35/35 MP: 8/11
  3072 | D:4      | Found a radiant altar of Vehumet.
  3256 | D:4      | Noticed a phantom
  3259 | D:4      | Noticed an ogre
  3293 | D:4      | Killed an ogre
  3293 | D:4      | Reached skill level 4 in Spellcasting
  3651 | D:4      | Reached XP level 6. HP: 41/41 MP: 8/15
  3790 | D:4      | Reached skill level 6 in Necromancy
  4020 | D:4      | Noticed Crazy Yiuf
  4032 | D:4      | Killed Crazy Yiuf
  4129 | D:5      | Entered Level 5 of the Dungeon
  4188 | D:5      | Found a sand-covered staircase.
  4202 | Ossuary  | Entered an ossuary
  4319 | Ossuary  | Reached skill level 5 in Spellcasting
  4875 | D:5      | Reached XP level 7. HP: 46/46 MP: 13/18
  5043 | D:5      | Reached skill level 7 in Necromancy
  5576 | D:6      | Reached skill level 6 in Spellcasting
  5793 | D:5      | Reached XP level 8. HP: 45/52 MP: 16/21
  6191 | D:6      | Reached skill level 8 in Necromancy
  6456 | D:6      | Reached skill level 1 in Fighting
  6499 | D:6      | Reached skill level 2 in Dodging
  6800 | D:7      | Reached skill level 2 in Fighting
  6929 | D:7      | Reached skill level 1 in Maces & Flails
  7022 | D:7      | ok
  7174 | D:7      | Found a staircase to the Ecumenical Temple.
  7188 | Temple   | Entered the Ecumenical Temple
  7395 | Temple   | Became a worshipper of Gozag Ym Sagoz the Greedy
  7490 | D:7      | Reached skill level 3 in Fighting
  7490 | D:7      | Reached skill level 1 in Staves
  7644 | D:7      | Reached skill level 2 in Staves
  8232 | D:7      | Found a snail-covered altar of Cheibriados.
  8554 | D:8      | Noticed Pikel
  8575 | D:8      | good
  8582 | D:8      | Killed Pikel
  8582 | D:8      | Reached skill level 5 in Fighting
  8582 | D:8      | Reached skill level 3 in Staves
  8582 | D:8      | Reached XP level 9. HP: 59/68 MP: 8/23
  9028 | D:8      | Found a basalt altar of Yredelemnul.
  9029 | D:8      | Found a shattered altar of Ashenzari.
  9032 | D:8      | Found a shimmering altar of Xom.
  9039 | D:8      | Found a glowing silver altar of Zin.
  9040 | D:8      | Noticed an angel
  9072 | D:8      | Noticed Gastronok
  9639 | D:8      | Killed Gastronok
  9639 | D:8      | Reached skill level 7 in Fighting
  9639 | D:8      | Reached skill level 5 in Staves
  9934 | D:8      | Found a shadowy altar of Dithmenos.
 10237 | D:10     | Entered Level 10 of the Dungeon
 10237 | D:10     | Noticed a hill giant
 10238 | D:10     | good
 10407 | D:9      | Reached XP level 10. HP: 62/79 MP: 14/24
 10551 | D:9      | Reached skill level 6 in Staves
 10583 | D:9      | Reached skill level 8 in Fighting
 11193 | D:9      | Found a staircase to the Orcish Mines.
 11426 | D:9      | Found an iron altar of Okawaru.
 11438 | D:9      | Reached skill level 3 in Dodging
 11549 | D:9      | Reached skill level 7 in Staves
 11773 | D:9      | Reached skill level 4 in Dodging
 11921 | D:9      | Found Urobb's Book Shop.
 12179 | D:9      | Found a bloodstained altar of Trog.
 12421 | D:9      | Reached skill level 5 in Dodging
 12421 | D:9      | Reached XP level 11. HP: 80/87 MP: 19/25
 12597 | D:9      | Reached skill level 8 in Staves
 13023 | D:10     | Found a burning altar of Makhleb.
 13094 | D:10     | Found a staircase to the Lair.
 13239 | Lair:1   | Entered Level 1 of the Lair of Beasts
 13239 | Lair:1   | Noticed Fannar
 13254 | Lair:1   | Killed Fannar
 13471 | Lair:1   | Noticed Joseph
 13494 | Lair:1   | Killed Joseph
 13615 | Lair:1   | Reached skill level 6 in Dodging
 14479 | Lair:1   | Reached skill level 9 in Staves
 15135 | Lair:2   | Reached skill level 7 in Dodging
 15821 | Lair:2   | Noticed a six-headed hydra
 16199 | Lair:3   | Reached XP level 12. HP: 58/94 MP: 2/26
 16363 | Lair:3   | Reached skill level 10 in Staves
 16458 | Lair:3   | Noticed a seven-headed hydra
 16658 | Lair:4   | Reached skill level 8 in Dodging
 17153 | Lair:4   | Found a staircase to the Snake Pit.
 17427 | Lair:4   | Found a staircase to the Swamp.
 17796 | Lair:4   | Reached skill level 9 in Dodging
 18311 | Lair:4   | Reached skill level 11 in Staves
 18779 | Lair:4   | Noticed an eight-headed hydra
 18808 | Lair:5   | Found a labyrinth entrance.
 18825 | Lair:5   | Noticed a four-headed hydra
 18828 | Lab      | Entered a labyrinth
 19165 | Lab      | Noticed a minotaur
 19193 | Lab      | Killed a minotaur
 19212 | Lab      | Got a smoking copper ring
 19234 | Lab      | Learned a level 2 spell: Blink
 19237 | Lab      | Learned a level 2 spell: Repel Missiles
 19247 | Lab      | Identified the cursed ring "Zoaz" {Contam rPois rC++ MP+9 Dex-3 Stlth-} (You found it in a labyrinth)
 19248 | Lab      | good
 19604 | Lair:4   | "oh"
 19604 | Lair:4   | im bad at placing exclusions
 19610 | Lair:4   | thanks quokka
 20091 | Lair:5   | that was effective
 20237 | Lair:6   | Reached skill level 1 in Translocations
 20879 | Lair:5   | Reached XP level 13. HP: 82/98 MP: 17/27
 20880 | Lair:5   | Reached skill level 2 in Translocations
 21010 | Lair:5   | hurrah im a powerful necromancer now
 21159 | Lair:5   | Noticed a six-headed hydra
 21302 | Lair:5   | was there another hydra up there
 21303 | Lair:5   | i think i moved it elsewhere
 21333 | Lair:4   | hi
 22093 | D:10     | Reached skill level 3 in Translocations
 22198 | D:11     | Noticed Erolcha
 22212 | D:11     | Killed Erolcha
 22259 | D:11     | Reached skill level 10 in Dodging
 22718 | D:11     | Found Usuol's Book Shoppe.
 22725 | D:11     | Bought a book of Death for 840 gold pieces
 22731 | D:11     | Learned a level 5 spell: Agony
 22812 | D:11     | Noticed Nergalle
 22864 | D:12     | Found Ocuqur's Antique Armour Boutique.
 22879 | D:12     | Noticed herpmino's ghost (experienced FeWr)
 22900 | D:12     | hi
 22906 | D:12     | .............
 22937 | D:12     | good
 23142 | D:12     | Bought a runed robe for 22 gold pieces
 23142 | D:12     | Bought an embroidered cloak for 144 gold pieces
 23142 | D:12     | Bought a pair of embroidered boots for 144 gold pieces
 23339 | D:12     | Reached skill level 7 in Spellcasting
 23595 | D:12     | Reached skill level 9 in Necromancy
 23901 | D:11     | good
 23959 | D:11     | Killed Nergalle
 24198 | D:11     | Reached skill level 1 in Charms
 24337 | D:11     | Got a ring of the Octopus King
 24627 | D:11     | Reached skill level 2 in Charms
 24675 | D:11     | Learned a level 5 spell: Excruciating Wounds
 25011 | D:10     | Killed a hill giant
 25719 | D:10     | Reached skill level 3 in Charms
 26136 | Lair:1   | oh
 26137 | Lair:1   | Identified a ring of the Octopus King {AC+1 EV+1 Str+1 Int+1 Dex+1 SInv} (You took it off a deep elf mage on level 11 of the Dungeon)
 26138 | Lair:1   | neat, i guess
 26196 | Lair:2   | Reached skill level 10 in Necromancy
 26218 | Lair:2   | hi
 26726 | Lair:2   | Killed a six-headed hydra
 27309 | Lair:3   | Reached skill level 4 in Charms
 27736 | Lair:4   | Killed an eight-headed hydra
 27736 | Lair:4   | Reached XP level 14. HP: 105/105 MP: 13/29
 28400 | Lair:5   | Killed a four-headed hydra
 28699 | Lair:5   | Killed a six-headed hydra
 29208 | Lair:6   | Reached skill level 12 in Staves
 29323 | Lair:6   | Found a runed door.
 29323 | Lair:6   | Found a viscous altar of Jiyva.
 29323 | Lair:6   | Noticed an acid blob
 29324 | Lair:6   | Noticed an acid blob
 29324 | Lair:6   | Noticed an acid blob
 29324 | Lair:6   | Noticed an acid blob
 29326 | Lair:6   | hi
 29331 | Lair:6   | Noticed an acid blob
 29331 | Lair:6   | Noticed an acid blob
 29333 | Lair:6   | Found a staircase to the Slime Pits.
 29506 | Lair:7   | Noticed Erica
 29521 | Lair:7   | Killed Erica
 29752 | Lair:7   | gozag op
 29888 | Lair:7   | Reached skill level 11 in Necromancy
 30375 | Lair:7   | Noticed Snorg
 30383 | Lair:7   | Killed Snorg
 30858 | Lair:8   | Entered Level 8 of the Lair of Beasts
 32727 | Lair:8   | Reached skill level 12 in Necromancy
 33619 | Lair:8   | Reached skill level 13 in Staves
 35093 | Lair:1   | Learned a level 5 spell: Dispel Undead
 35920 | D:12     | Reached XP level 15. HP: 111/111 MP: 8/30
 36588 | D:12     | Killed herpmino's ghost
 36986 | D:13     | Found Braih's Jewellery Emporium.
 37273 | D:13     | Noticed Nessos
 37280 | D:13     | Killed Nessos
 37741 | D:13     | Reached skill level 8 in Spellcasting
 37977 | D:13     | Found a gate to the Vaults.
 38521 | Orc:1    | Entered Level 1 of the Orcish Mines
 38540 | Orc:1    | Reached skill level 11 in Dodging
 39177 | Orc:2    | Found a roughly hewn altar of Beogh.
 39327 | Orc:2    | Noticed Urug
 39347 | Orc:1    | Killed Urug
 39923 | Orc:2    | Found a roughly hewn altar of Beogh.
 39948 | Orc:2    | Reached skill level 9 in Fighting
 40292 | Orc:2    | Identified a +2 robe of resistance (You took it off an orc sorcerer on level 2 of the Orcish Mines)
 40294 | Orc:2    | hurrah
 40354 | D:9      | Bought a book of Enchantments for 650 gold pieces
 40361 | D:9      | Learned a level 6 spell: Haste
 40871 | Orc:4    | Entered Level 4 of the Orcish Mines
 41169 | Orc:3    | Reached skill level 5 in Charms
 41220 | Orc:3    | Found a staircase to the Elven Halls.
 41671 | Orc:4    | Noticed Psyche
 41678 | Orc:4    | Killed Psyche
 42630 | Orc:4    | Reached skill level 6 in Charms
 42723 | Orc:4    | Found Sazo's Magic Scroll Boutique.
 42732 | Orc:4    | Bought a scroll of teleportation for 42 gold pieces
 42769 | Orc:4    | Bought a scroll of brand weapon for 280 gold pieces
 42770 | Orc:4    | Bought a scroll of brand weapon for 280 gold pieces
 42831 | Orc:4    | Bought a scroll of magic mapping for 49 gold pieces
 42831 | Orc:4    | Bought a scroll of magic mapping for 49 gold pieces
 42831 | Orc:4    | Bought a scroll of identify for 28 gold pieces
 42912 | Orc:4    | Found Toratz's Gadget Shoppe.
 42912 | Orc:4    | Found Kaugaf's Food Shoppe.
 42912 | Orc:4    | Found Qonioss' Armour Shoppe.
 42913 | Orc:4    | Found Raommaih's Assorted Antiques.
 42923 | Orc:4    | Bought a scroll of torment for 202 gold pieces
 42923 | Orc:4    | Bought a scroll of identify for 54 gold pieces
 43281 | Snake:1  | Entered Level 1 of the Snake Pit
 43439 | Snake:1  | ..
 43607 | Snake:1  | Reached skill level 9 in Spellcasting
 45246 | Snake:2  | Noticed Vashnia
 45299 | Snake:2  | Killed Vashnia
 45727 | Snake:2  | Reached skill level 7 in Charms
 46501 | Snake:2  | Reached XP level 16. HP: 68/119 MP: 17/33
 47246 | Snake:3  | Noticed Louise
 47260 | Snake:3  | Noticed Donald
 47262 | Snake:2  | ow
 47475 | Snake:2  | Reached skill level 10 in Spellcasting
 47665 | Snake:3  | Found Imakiaje's General Store.
 47762 | Snake:3  | Found Clacsos' General Store.
 47922 | Snake:3  | Found Plog's Assorted Antiques.
 47923 | Snake:3  | hi
 48384 | Snake:3  | Reached skill level 8 in Charms
 48417 | Snake:3  | Killed Louise
 49024 | Snake:2  | Reached skill level 1 in Evocations
 49283 | Snake:3  | Found Magegur's Armour Shoppe.
 49310 | Snake:3  | Reached skill level 2 in Evocations
 49335 | Snake:3  | Bought an iron wand for 104 gold pieces
 49335 | Snake:3  | Bought a long jewelled staff for 312 gold pieces
 49336 | Snake:3  | mmm
 49492 | Snake:3  | Found Daurchuu's General Store.
 49505 | Snake:3  | Bought a scroll of enchant weapon for 75 gold pieces
 49589 | Snake:3  | Reached skill level 3 in Evocations
 49993 | Snake:3  | Bought a hardcover book for 390 gold pieces
 49995 | Snake:3  | Learned a level 1 spell: Apportation
 50181 | Snake:3  | Reached skill level 4 in Evocations
 50329 | Snake:4  | Found a frozen archway.
 50543 | IceCv    | Entered an ice cave
 50968 | IceCv    | Noticed ZiggyStardust's ghost (powerful SpAK)
 50971 | IceCv    | Killed ZiggyStardust's ghost
 51659 | IceCv    | Reached skill level 5 in Evocations
 51667 | IceCv    | Reached skill level 10 in Fighting
 51806 | IceCv    | Noticed an Ice Fiend
 52024 | IceCv    | ow
 52036 | IceCv    | Killed an Ice Fiend
 52384 | IceCv    | Got a pair of ichor-stained gloves
 52394 | IceCv    | Got a faintly humming plate armour
 52427 | IceCv    | Identified the +1 plate armour "Hucannurei" {MR+ Dex+2} (You found it in an ice cave)
 52437 | IceCv    | Identified the +1 pair of gloves "Shryal" {rPois MR+ Regen+ Int-5 Dex-2} (You found it in an ice cave)
 52500 | Snake:4  | Killed Donald
 52541 | Snake:4  | Reached skill level 6 in Evocations
 53162 | Snake:4  | HP: 7/123 [salamander/halberd (15)]
 53975 | Snake:4  | Reached skill level 11 in Fighting
 53981 | Snake:4  | Reached XP level 17. HP: 99/130 MP: 0/34
 54270 | Snake:4  | Reached skill level 7 in Evocations
 55199 | Swamp:1  | Entered Level 1 of the Swamp
 55618 | Swamp:1  | Identified a scroll of acquirement
 55625 | Swamp:1  | ...
 56418 | Swamp:1  | Noticed Roxanne
 57192 | Swamp:2  | Reached skill level 8 in Evocations
 57893 | Swamp:3  | Noticed Kirke
 57906 | Swamp:3  | Reached skill level 12 in Fighting
 57910 | Swamp:3  | Killed Kirke
 58702 | Swamp:3  | good
 59464 | Swamp:4  | Noticed Agnes
 59479 | Swamp:4  | Killed Agnes
 59479 | Swamp:4  | Reached skill level 9 in Evocations
 60220 | Swamp:4  | Noticed Aizul
 60234 | Swamp:4  | Killed Aizul
 60879 | Swamp:4  | Noticed Nikola
 60897 | Swamp:4  | Killed Nikola
 61385 | Swamp:4  | Reached skill level 13 in Fighting
 62401 | Snake:5  | Entered Level 5 of the Snake Pit
 62599 | Snake:5  | Reached skill level 12 in Dodging
 62979 | Snake:5  | HP: 12/136 [naga/dire flail of venom (4)]
 63575 | Snake:5  | Reached XP level 18. HP: 68/143 MP: 11/35
 64351 | Snake:5  | HP: 11/144 [greater naga (5)]
 64434 | Snake:5  | Reached skill level 14 in Fighting
 64717 | Snake:5  | Found a white marble altar of Elyvilon.
 65793 | Snake:5  | Paralysed by the power of Zot for 4 turns
 65795 | Snake:5  | Noticed Asterion
 65795 | Snake:5  | HP: 13/146 [guardian serpent (19)]
 65796 | Snake:5  | Demolished by a greater naga

Vanquished Creatures
  Vashnia (Snake:2)
  An Ice Fiend (IceCv)
  Agnes (Swamp:4)
  Kirke (Swamp:3)
  9 greater nagas
  Donald (Snake:4)
  Aizul (Swamp:4)
  Louise (Snake:3)
  Gastronok (D:8)
  A dire elephant (Lair:8)
  Snorg (Lair:7)
  An ettin (D:12)
  A minotaur (Lab)
  Fannar (Lair:1)
  7 naga warriors
  4 centaur warriors
  A ghost crab (Swamp:4)
  Nessos (D:13)
  12 hydras
  Erica (Lair:7)
  11 anacondas
  8 death yaks
  A catoblepas (Lair:8)
  A deep troll shaman (Lair:8)
  4 alligators
  6 orc high priests (Orc:4)
  7 shock serpents
  12 naga sharpshooters
  The ghost of ZiggyStardust the Nimble, a powerful SpAK of Lugonu (IceCv)
  Urug (Orc:1)
  Nergalle (D:11)
  Erolcha (D:11)
  5 ice devils (IceCv)
  A salamander mystic (Snake:5)
  2 deep trolls (Orc:2)
  2 spriggan druids
  4 swamp dragons
  2 unseen horrors
  2 sea snakes (Snake:3)
  12 mana vipers
  9 naga ritualists
  The ghost of herpmino the Placeless Cat, an experienced FeWr of Cheibriados (D:12)
  An ice statue (IceCv)
  Pikel (D:8)
  4 shambling mangroves
  A wizard (D:13)
  A lindwurm (D:13)
  An orc sorcerer (Orc:2)
  4 hill giants
  5 hornets
  2 griffons
  4 orc knights
  7 ugly things
  2 cyclopes
  12 salamanders
  6 elephants
  48 black mambas
  A gargoyle (D:12)
  Joseph (Lair:1)
  15 naga magi
  8 guardian serpents
  20 spiny frogs
  2 torpor snails
  Psyche (Orc:4)
  12 komodo dragons
  7 trolls
  3 fire drakes
  A water elemental (Swamp:4)
  A merfolk (D:10)
  2 freezing wraiths (IceCv)
  A tengu conjurer (D:12)
  12 slime creatures
  7 polar bears
  4 two-headed ogres
  2 giant leeches (Swamp:2)
  2 blue devils (IceCv)
  7 bog bodies
  10 ravens
  35 blink frogs
  2 boulder beetles (Lair:8)
  3 baby alligators (Swamp:1)
  2 basilisks (Lair:4)
  3 shadows
  4 dire elephant simulacra (IceCv)
  8 spriggans
  A wraith (D:12)
  2 wyverns
  6 deep elf magi
  A hog (Swamp:3)
  12 vampire mosquitoes
  41 yaks
  12 hippogriffs
  A hungry ghost (D:9)
  2 steam dragons
  3 iron troll simulacra (IceCv)
  2 mottled dragons
  6 insubstantial wisps (Swamp:1)
  A warg (Orc:4)
  6 hydra simulacra (IceCv)
  16 wolves
  22 swamp worms
  48 nagas
  4 harpy simulacra (IceCv)
  50 water moccasins
  6 porcupines
  15 ice beasts
  7 swamp drakes
  3 sky beasts
  16 black bears
  A necrophage (D:12)
  44 orc warriors
  7 wasps
  2 phantoms
  2 slaves (D:8)
  8 ogres
  28 centaurs
  2 ettin simulacra (IceCv)
  A boring beetle (Lair:7)
  22 crocodiles
  6 big kobolds
  18 giant frogs
  2 gnoll sergeants (D:10)
  A water moccasin zombie (Ossuary)
  A scorpion (D:6)
  11 wights
  9 electric eels
  13 killer bees
  4 crimson imps
  2 goliath beetles (D:7)
  3 jellies (D:12)
  A centaur skeleton (D:4)
  14 hounds
  A centaur zombie (D:12)
  3 giant frog skeletons
  5 gnoll shamans
  Crazy Yiuf (D:4)
  49 orc priests
  7 hell rats (Lair:8)
  A quasit (D:6)
  10 iguanas
  27 orc wizards
  11 worker ants
  3 wolf simulacra (IceCv)
  A giant frog simulacrum (D:9)
  3 spriggan simulacra (IceCv)
  A killer bee zombie (D:9)
  14 sheep
  3 troll simulacra (IceCv)
  3 big kobold zombies (Ossuary)
  2 hound zombies
  2 centaur simulacra (IceCv)
  2 hound skeletons
  3 mummies
  6 gnolls
  A killer bee simulacrum (D:9)
  A naga simulacrum (IceCv)
  2 ogre simulacra (IceCv)
  29 river rats
  23 adders
  12 white imps
  3 shadow imps
  13 ufetubi
  A worker ant simulacrum (D:9)
  3 adder skeletons
  5 adder zombies (Ossuary)
  6 oozes
  171 orcs
  3 ball pythons
  A bat skeleton (D:5)
  22 goblins
  13 hobgoblins
  11 jackals
  33 kobolds
  17 quokkas
  16 bats
  5 giant cockroaches
  4 giant geckos
  8 giant newts
  A gnoll zombie (Ossuary)
  6 hobgoblin zombies (Ossuary)
  6 kobold zombies (Ossuary)
  5 orc zombies (Ossuary)
  A quokka simulacrum (D:9)
  A quokka zombie (D:5)
  5 rats
  A rat zombie (D:5)
  22 ballistomycetes
1511 creatures vanquished.

Vanquished Creatures (collateral kills)
  A naga warrior (Snake:4)
  A spriggan (Swamp:1)
  A swamp dragon (Swamp:1)
  An ugly thing (D:12)
  A basilisk (shapeshifter) (D:12)
  5 vampire mosquitoes (D:12)
  A hippogriff (D:12)
  A mottled dragon (D:11)
  A black bear (D:11)
  An ogre (D:4)
  A wasp (Swamp:1)
  A giant frog (D:11)
  An iguana (D:11)
  An orc priest (D:11)
  An orc wizard (D:11)
  A worker ant (D:11)
  A hound skeleton (D:11)
  A mummy (Ossuary)
  An orc (D:11)
  A kobold (D:12)
24 creatures vanquished.

Vanquished Creatures (others)
  Nikola (Swamp:4)
  A water elemental (Swamp:4)
  2 fire elementals (IceCv)
  2 humans
  A water moccasin (Swamp:4)
  An ice beast (D:12)
  A centaur (D:8)
  A giant frog zombie (D:12)
  A mummy (Ossuary)
  3 giant spores
  An orc zombie (Ossuary)
  A ballistomycete (D:11)
  2 bushes
  25 fungi
  50 plants
93 creatures vanquished.

Grand Total: 1628 creatures vanquished
